 Dungeon Crawl Stone Soup version 0.17.2-1-ge4368a0 (webtiles) character file.

10369 Goblin1989 the Grappler (level 11, -2/90 HPs)
             Began as a Demonspawn Hunter on Nov 4, 2016.
             Was an Initiate of Gozag.
             Slain by Maud
             ... wielding a +2 great mace of holy wrath
              (16 damage)
             ... on level 11 of the Dungeon.
             The game lasted 00:46:45 (9389 turns).

Goblin1989 the Grappler (Demonspawn Hunter)         Turns: 9389, Time: 00:46:45

Health: -2/90      AC: 22    Str: 21    XL:     11   Next: 35%
Magic:  11/11      EV:  3    Int: 13    God:    Gozag
Gold:   1425       SH: 16    Dex: 13    Spells: 0 memorised, 10 levels left

rFire  . . .     SeeInvis .       - Unarmed
rCold  . . .     Clarity  .     F - +0 plate armour
rNeg   . . .     SustAt   +     r - +0 large shield
rPois  .         Gourm    .     k - +2 hat {MR+}
rElec  .         Spirit   .     l - +1 cloak
rCorr  +         Warding  .     (gloves unavailable)
rMut   .         Stasis   .     i - +2 pair of boots
MR     +....                    g - amulet of resist corrosion
Stlth  ..........               a - ring of sustain attributes
                                y - +5 ring of slaying

@: mighty, somewhat resistant to hostile enchantments, extremely unstealthy
A: claws 3, rugged brown scales 2, demonic guardian 1, powered by pain 1
a: Potion Petition, Call Merchant, Bribe Branch, Renounce Religion


You were on level 11 of the Dungeon.
You worshipped Gozag.
Gozag was noncommittal.
You were very full.

You visited 2 branches of the dungeon, and saw 12 of its levels.
You also visited: Ossuary.

You collected 1775 gold pieces.
You spent 219 gold pieces at shops.
You paid 131 gold pieces to Gozag.

Inventory:

Hand Weapons
 w - the +3 blowgun "Wosuikh" {speed, Dex+2, @w1}
   (You found it on level 11 of the Dungeon)

   Attacks with this weapon are significantly faster.
   It affects your dexterity (+2).
 W - a +1 scimitar of flaming
Missiles
 c - 7 javelins (quivered)
 o - 9 poisoned needles
 A - 11 curare-tipped needles
 Z - 3 throwing nets {=f, !d}
Armour
 i - a +2 pair of boots (worn)
 k - a +2 hat of magic resistance (worn)
 l - a +1 cloak (worn)
 r - a +0 large shield (worn)
 F - a +0 plate armour (worn)
Jewellery
 a - a ring of sustain attributes (right claw)
 f - an uncursed ring of wizardry
 g - an amulet of resist corrosion (around neck)
 y - a +5 ring of slaying (left claw)
Wands
 h - a wand of heal wounds (0) {!v, @v2}
 x - a wand of teleportation (2) {!v, @v4}
Scrolls
 n - a scroll of brand weapon {unknown}
 p - 3 scrolls of remove curse {@r2}
 s - a scroll of enchant armour
 t - a scroll of amnesia
 I - 2 scrolls of recharging
 K - 2 scrolls of immolation {!r}
 O - 3 scrolls of fog
 R - 2 scrolls of identify {@r1}
 T - a scroll of teleportation {!r, @r4}
Potions
 b - 2 potions of haste {unknown}
 e - a potion of degeneration {unknown}
 m - a potion of cancellation
 q - a potion of heal wounds {!q, @q2}
 v - 3 potions of resistance
 z - 2 potions of agility
 B - 3 potions of might
 C - a potion of ambrosia {unknown}
 E - 7 potions of curing {@q1}
 J - 4 potions of lignification {!q}
 P - 2 potions of brilliance {unknown}
Comestibles
 d - 4 meat rations {@e2}
 j - 4 bread rations {@e1}
 u - 12 fruits


   Skills:
 + Level 8.1 Fighting
 - Level 3.6 Throwing
 + Level 6.5 Armour
 - Level 1.7 Dodging
 - Level 0.8 Stealth
 + Level 6.8 Shields
 * Level 11.2 Unarmed Combat


You had 10 spell levels left.
You didn't know any spells.

Dungeon Overview and Level Annotations

Branches:
Dungeon (11/15)            Temple (1/1) D:6            Lair (0/8) D:10
    Orc: D:9-12

Altars:
Ashenzari
Cheibriados
Dithmenos
Elyvilon
Fedhas
Gozag
Makhleb
Nemelex Xobeh
Okawaru
Qazlal
Sif Muna
Trog
Vehumet
Xom
Yredelemnul
Zin

Shops:
D:4 :*   D:7 *

Annotations:
D:3 Goblin1989's ghost, weakling DsMo
D:4 Goblin1989's ghost, amateur VSFi
D:11 Maud


Innate Abilities, Weirdness & Mutations

You have claws for hands.
You are mostly covered in rugged brown scales (AC +2, +5% HP).
A weak demonic guardian rushes to your aid.
You sometimes gain a little power by taking damage.


Message History

Your quasit closely misses Maud.
Your quasit claws Maud but does no damage.
You take 3 damage, and have 33/90 hp.
Drink which item? (? for menu, Esc to quit)
Really quaff
q - 2 potions of heal wounds {!q, @q2}?
You feel much better.
Your quasit disappears in a puff of smoke!
Your white imp closely misses Maud.
Maud hits you with a great mace of holy wrath!
You convulse!!
* * * LOW HITPOINT WARNING * * *
You focus on the pain.
You feel mightier all of a sudden.
You take 5 damage, and have 28/90 hp.
Your white imp hits Maud but does no damage.
Maud hits you with a great mace of holy wrath!
* * * LOW HITPOINT WARNING * * *
You convulse!
You die...
Your body crumbles into a pile of gold.

....█........█....█..██████████..
...██.██████.█....█..............
...█..█ █.█....█......../.....
...█..█ █.█....█..............
...█..█ █.██████..............
...█..█ █.....................
██∆█..█ █..........█████████..
......██████...@5.....█.......█..
..............$.@.....█.......█..
█████.................█.......█..
█.......█∆██████o.██████∆██..
█..)....█......█.............
█.......█......█.............
█.......█......█.............
█.......█......█.......██████
█.......█......█......>█.....
█.......████████.......█.....


You could see Maud, an orc and a friendly white imp.

Vanquished Creatures
  Josephine (D:11)
  Erolcha (D:9)
  The ghost of ololoev the Cleaver, a novice DsFi of Makhleb (D:9)
  2 hill giants
  Pikel (D:8)
  Grinder (D:4)
  A troll (D:11)
  5 wraiths (D:11)
  A deep elf mage (D:11)
  3 yaks (D:9)
  2 hippogriffs
  A hungry ghost (D:11)
  A water moccasin (D:7)
  A wasp (D:9)
  8 ice beasts
  2 phantoms
  4 sky beasts
  4 centaurs
  5 ogres
  3 big kobolds
  A gnoll sergeant (D:8)
  2 giant frogs
  4 scorpions
  2 wyvern skeletons
  2 killer bees (D:10)
  4 wights
  2 crimson imps
  6 jellies
  3 hounds
  An orc priest (D:5)
  A centaur skeleton (D:7)
  Jessica (D:3)
  A giant frog skeleton (D:11)
  9 worker ants
  2 iguanas
  4 orc wizards
  9 mummies
  A hound skeleton (D:10)
  2 worker ant zombies
  14 gnolls
  12 adders
  An adder skeleton (D:5)
  A worm (D:3)
  A giant gecko (D:3)
  22 orcs
  3 ball pythons
  4 bats
  A giant cockroach (D:2)
  3 hobgoblins
  9 quokkas
  A ball python skeleton (D:4)
  4 giant newts
  2 gnoll zombies (Ossuary)
  5 goblins
  2 hobgoblin zombies (Ossuary)
  15 kobolds
  A kobold zombie (Ossuary)
  3 orc zombies (Ossuary)
  2 quokka skeletons (D:4)
  5 rats
216 creatures vanquished.

Vanquished Creatures (collateral kills)
  Erica (D:9)
  A wraith (D:11)
  A black bear (D:8)
  A giant frog (D:8)
  A killer bee (D:10)
  An orc (D:8)
6 creatures vanquished.

Vanquished Creatures (others)
  A gnoll (D:8)
1 creature vanquished.

Grand Total: 223 creatures vanquished

Notes
Turn   | Place    | Note
--------------------------------------------------------------
     0 | D:1      | Goblin1989 the Demonspawn Hunter began the quest for the Orb.
     0 | D:1      | Reached XP level 1. HP: 16/16 MP: 1/1
   603 | D:1      | Gained mutation: You have sharp fingernails. [demonic ancestry]
   603 | D:1      | Reached XP level 2. HP: 23/23 MP: 2/2
  1468 | D:2      | Reached skill level 1 in Unarmed Combat
  1557 | D:3      | Gained mutation: You sometimes gain a little power by taking damage. [demonic ancestry]
  1557 | D:3      | Reached XP level 3. HP: 28/28 MP: 3/3
  1570 | D:3      | Found a burning altar of Makhleb.
  1633 | D:3      | Noticed Jessica
  1635 | D:3      | Killed Jessica
  1746 | D:3      | Gained mutation: You are partially covered in rugged brown scales (AC +1, +3% HP). [demonic ancestry]
  1746 | D:3      | Reached XP level 4. HP: 27/35 MP: 4/4
  2048 | D:3      | Reached skill level 1 in Shields
  2187 | D:3      | Noticed Goblin1989's ghost (weakling DsMo)
  2209 | D:2      | Gained mutation: You are mostly covered in rugged brown scales (AC +2, +5% HP). [demonic ancestry]
  2209 | D:2      | Reached XP level 5. HP: 30/40 MP: 5/5
  2655 | D:2      | Reached skill level 4 in Unarmed Combat
  2838 | D:4      | Found a basalt altar of Yredelemnul.
  2893 | D:4      | Noticed Grinder
  2905 | D:4      | Killed Grinder
  2905 | D:4      | Reached skill level 5 in Unarmed Combat
  2905 | D:4      | Reached XP level 6. HP: 32/48 MP: 6/6
  3165 | D:4      | Found an iron altar of Okawaru.
  3244 | D:4      | Found Toanou's General Store.
  3249 | D:4      | Bought a +0 buckler for 54 gold pieces
  3358 | D:4      | Found Cogeig's Book Shoppe.
  3414 | D:4      | Noticed Goblin1989's ghost (amateur VSFi)
  3417 | D:5      | Entered Level 5 of the Dungeon
  3422 | D:5      | Found an iron altar of Okawaru.
  3577 | D:4      | Reached skill level 6 in Unarmed Combat
  3577 | D:4      | Reached XP level 7. HP: 23/54 MP: 7/7
  3890 | D:5      | Reached skill level 1 in Armour
  4626 | D:6      | Gained mutation: A weak demonic guardian rushes to your aid. [demonic ancestry]
  4626 | D:6      | Reached XP level 8. HP: 37/63 MP: 8/8
  4634 | D:6      | Reached skill level 7 in Unarmed Combat
  4954 | D:6      | Found a staircase to the Ecumenical Temple.
  4965 | Temple   | Entered the Ecumenical Temple
  5155 | Temple   | Became a worshipper of Gozag Ym Sagoz the Greedy
  5600 | D:7      | Found Millik's Assorted Antiques.
  5608 | D:7      | Bought a scroll labeled OCSUM HAFAUS for 21 gold pieces
  5608 | D:7      | Bought a green potion for 18 gold pieces
  5608 | D:7      | Bought a dented garnet amulet for 105 gold pieces
  5608 | D:7      | Bought a scroll labeled WAVVUE KOEQEKA for 21 gold pieces
  5754 | D:7      | Reached skill level 8 in Unarmed Combat
  6006 | D:7      | Reached skill level 5 in Fighting
  6019 | D:7      | Gained mutation: You have very sharp fingernails. [demonic ancestry]
  6019 | D:7      | Reached XP level 9. HP: 71/71 MP: 9/9
  6152 | D:8      | Found a sand-covered staircase.
  6161 | Ossuary  | Entered an ossuary
  6461 | D:8      | Noticed Pikel
  6493 | D:8      | Killed Pikel
  6493 | D:8      | Reached skill level 9 in Unarmed Combat
  6907 | D:9      | Noticed Erolcha
  6959 | D:9      | Noticed Erica
  6967 | D:9      | Killed Erica
  6967 | D:9      | Reached skill level 5 in Shields
  6967 | D:9      | Gained mutation: You have claws for hands. [demonic ancestry]
  6967 | D:9      | Reached XP level 10. HP: 77/80 MP: 10/10
  6972 | D:9      | Killed Erolcha
  6972 | D:9      | Reached skill level 5 in Armour
  6989 | D:9      | Identified a scroll of acquirement
  7080 | D:9      | Found a shadowy altar of Dithmenos.
  7152 | D:9      | Reached skill level 10 in Unarmed Combat
  7170 | D:9      | Found a basalt altar of Yredelemnul.
  7214 | D:9      | Found a white marble altar of Elyvilon.
  7329 | D:9      | Noticed ololoev's ghost (novice DsFi)
  7359 | D:9      | Killed ololoev's ghost
  7449 | D:9      | Found a snail-covered altar of Cheibriados.
  7867 | D:10     | Entered Level 10 of the Dungeon
  7918 | D:10     | Found a staircase to the Lair.
  7921 | D:10     | Noticed a hill giant
  7938 | D:10     | Killed a hill giant
  8091 | D:10     | Found a burning altar of Makhleb.
  8513 | D:11     | Reached XP level 11. HP: 85/89 MP: 11/11
  8733 | D:11     | Got a twisted blowgun {@w1}
  8734 | D:11     | Identified the +3 blowgun "Wosuikh" {speed, Dex+2, @w1} (You found it on level 11 of the Dungeon)
  8878 | D:11     | Noticed Josephine
  8891 | D:11     | Killed Josephine
  8891 | D:11     | Reached skill level 11 in Unarmed Combat
  9252 | D:11     | Noticed a hill giant
  9253 | D:11     | Noticed Maud
  9375 | D:11     | Noticed a hill giant
  9382 | D:11     | Killed a hill giant
  9389 | D:11     | Slain by Maud

Action                   |  1- 3 |  4- 6 |  7- 9 | 10-12 || total
-------------------------+-------+-------+-------+-------++-------
Melee: Short sword       |    21 |       |       |       ||    21
       Unarmed           |    35 |    93 |   343 |   215 ||   686
Throw: Javelin           |     4 |    18 |       |       ||    22
Evoke: Wand              |       |       |       |     2 ||     2
  Use: Potion            |       |       |     3 |     1 ||     4
       Scroll            |       |       |    17 |     8 ||    25
 Stab: Sleeping          |     3 |     1 |       |       ||     4
       Distracted        |       |     1 |     1 |     5 ||     7
  Eat: Bread ration      |     1 |       |       |       ||     1
       Chunk             |       |     4 |     4 |       ||     8
       Fruit             |       |       |     7 |    12 ||    19
       Pizza             |       |       |       |     2 ||     2
       Beef jerky        |       |       |       |     2 ||     2

Vault maps used:
D:1:      dpeg_arrival_arbitrary_c
D:2:      first_bread
D:3:      overflow_temple_1_default, uniq_jessica
D:4:      kennysheep_little_box, serial_shops, shop_fountains, kennysheep_mini,
          okawaru_metal_pillars_3, uniq_grinder
D:5:      basic_altar
D:6:      kennysheep_housing_project, minmay_temple_entry_glassed_door
D:7:      serial_shops, nicolae_shop_trees
D:8:      lightli_ossuary_entry_decrepit_ruins, uniq_pikel
D:9:      slow_altar_2, grunt_dithmenos_smoke, overflow_temple_1_default,
          basic_altar, blue_anna_alchemist, fountainhead, uniq_erolcha,
          uniq_erica
D:10:     lair_0_dummy, basic_altar
D:11:     uniq_josephine, uniq_maud
Temple:   chambers_temple_14
Ossuary:  ossuary_tomb_3
